 Dungeon Crawl Stone Soup version 0.28.0-1-gb440e238dd (webtiles) character file.

Game seed: 2944782125744673319

24 RascalDebosk the Skirmisher (level 2, 0/19 HPs)
             Began as a Demonspawn Chaos Knight on Feb 28, 2022.
             Was a Plaything of Xom.
             Slain by an adder (1 damage)
             ... on level 1 of the Dungeon.
             The game lasted 00:18:23 (1156 turns).

RascalDebosk the Skirmisher (DsCK)                  Turns: 1156, Time: 00:18:23

Health: 0/19       AC: 10    Str: 12    XL:     2   Next: 79%
Magic:  2/2        EV: 11    Int: 15    God:    Xom [..*...]
Gold:   52         SH:  0    Dex: 12    Spells: 1/1 levels left

rFire   . . .      SeeInvis .   a - +0 spear (chaos)
rCold   . . .      Faith    .   (no shield)
rNeg    . . .      Spirit   .   b - +2 leather armour
rPois   .          Reflect  .   e - +0 helmet
rElec   .          Harm     .   (no cloak)
rCorr   .          Rampage  .   (no gloves)
Will    +....                   (no boots)
Stlth   +.........              (no amulet)
HPRegen 0.06/turn               d - ring of willpower
MPRegen 0.08/turn               (no ring)

@: sanguine armoured
A: sanguine armour 1, clever 1, deformed body, frail 2
a: Renounce Religion


You were on level 1 of the Dungeon.
You worshipped Xom.
You were a toy of Xom.
You visited 1 branch of the dungeon, and saw 2 of its levels.

You collected 52 gold pieces.

Inventory:

Hand Weapons
 a - a +0 spear of chaos (weapon)
Armour
 b - a +2 leather armour (worn)
 e - a +0 helmet (worn)
Jewellery
 d - a ring of willpower (left hand)
 f - an amulet of faith
Scrolls
 c - a scroll of teleportation {unknown}


   Skills:
 + Level 3.2 Fighting
 * Level 3.1 Polearms
 * Level 2.2 Armour
 - Level 0.9 Dodging
 + Level 0.2 Translocations


You had one spell level left.
You didn't know any spells.
Your spell library contained the following spells:

 Spells                   Type           Power      Damage    Failure   Level
 Slow                     Hex            0%         N/A       34%         1
 Blink                    Tloc           0%         N/A       43%         2
 Lesser Beckoning         Tloc           0%         N/A       67%         3
 Confusing Touch          Hex            0%         N/A       71%         3
 Vampiric Draining        Necr           0%         2d6       71%         3
 Manifold Assault         Tloc           0%         N/A       100%        5


Dungeon Overview and Level Annotations

Branches:
Dungeon (2/15)

Altars:

Annotations:
D:2 Sigmund


Innate Abilities, Weirdness & Mutations

When seriously injured, your blood forms armour. (AC +6)
Your mind is acute. (Int +2)
Armour fits poorly on your strangely shaped body.
You are very frail. (-20% HP)


Message History

The worm is moderately wounded.
You hit the worm.
You feel better.
The worm is heavily wounded.
The worm bites you.
You hit the worm.
The worm is severely wounded.
You completely miss the worm.
The worm is severely wounded.
The worm bites you!
Your blood congeals into armour.
You hit the worm.
The worm is almost dead.
You hit the worm. You freeze the worm.
You kill the worm!
You start resting.
An adder comes into view.
An adder is nearby! "You need some minor improvements, mortal!"
Your body is suffused with distortional energy.
Your body twists and deforms.
You feel frail.
You feel clever.
You feel frail.
Found 8 gold pieces.
Sigmund shouts!
You hear a shout!
Sigmund gestures at you while chanting. The puff of flame hits you!
* * * LOW HITPOINT WARNING * * *
There is a stone staircase leading up here.
The adder misses you. Sigmund barely misses you.
You climb upwards.
There is a stone staircase leading down here.
You barely miss the adder. "Serve the toy, my child!"
You are now a toy of Xom.
The adder misses you.
You miss the adder. The adder bites you.
* * * LOW HITPOINT WARNING * * *
The adder bites you but does no damage.
You hit the adder.
The adder is moderately wounded.
The adder bites you.
You die... "I guess I need a new plaything now."

#.#..######.#
#.#..#......#####
#.#..#.###......#
#.#..#.###.####.#
.......#........#
#.#........######
#.#..........#
#.##...##.##.#####
...............S@##########
#.##...####..###5.........#
#.##.#.......# #..........#
#.##.#.####..# #..........#
#.##.#..###..####.........#
.....#....#...............#
#)####..#.#...###.........#
#.#..#..#.#.#.###.........#
#.#..#..........#.#.#######


You could see an adder (ally target) and a friendly crimson imp (summoned).

Vanquished Creatures
  A worm (D:2)
  3 ball pythons (D:1)
  A bat (D:1)
  3 goblins (D:1)
  3 hobgoblins (D:1)
  4 kobolds (D:1)
  2 quokkas (D:1)
  A frilled lizard (D:1)
18 creatures vanquished.

Notes
Turn   | Place    | Note
-------+----------+-------------------------------------------
     0 | D:1      | RascalDebosk the Demonspawn Chaos Knight began the quest
                  | for the Orb.
     0 | D:1      | Reached XP level 1. HP: 18/18 MP: 1/1
    66 | D:1      | XOM: divination: detect creatures
    71 | D:1      | XOM: potion effect (berserk rage)
   274 | D:1      | Gained mutation: When seriously injured, your blood forms
                  | armour. (AC +6) [demonic ancestry]
   274 | D:1      | Reached XP level 2. HP: 24/24 MP: 2/2
   350 | D:1      | XOM: silly message
   719 | D:1      | XOM: noise
   870 | D:2      | Noticed Sigmund
   871 | D:2      | XOM: divination: detect creatures
   984 | D:1      | XOM: divination: magic mapping
   985 | D:1      | XOM: silly message
  1093 | D:1      | XOM: god gift: scroll labelled YLUQEU QUDOTEI {god gift}
  1147 | D:2      | XOM: give mutations
  1147 | D:2      | Gained mutation: Armour fits poorly on your strangely
                  | shaped body. [Xom's mischief]
  1147 | D:2      | Gained mutation: You are frail. (-10% HP) [Xom's mischief]
  1147 | D:2      | Gained mutation: Your mind is acute. (Int +2) [Xom's
                  | mischief]
  1147 | D:2      | Gained mutation: You are very frail. (-20% HP) [Xom's
                  | mischief]
  1154 | D:1      | XOM: summons friendly crimson imp
  1156 | D:1      | Slain by an adder

Illustrated notes

Levels and vault maps discovered:
D:1:      minmay_arrival_floating_metal, layout_basic
D:2:      layout_basic, dreamdust_ecumenical_altar_angels_and_demons,
          basic_altar, minmay_randomly_rotated_circles, uniq_sigmund

Skill      XL: |  1  2 |
---------------+-------+-----
Armour         | 2 |  2.2
Polearms       | 3 |  3.1
Fighting       | |  3.2
Dodging        | |  0.9
Translocations | |  0.2

Action                   || total
-------------------------++-------
Melee: Spear             ||    68
  Use: Scroll            ||     1
Armor: Leather armour    ||    24
Dodge: Dodged            ||    33
